 Dungeon Crawl Stone Soup version 0.31-a0-1009-g454b1f1e0a (webtiles) character file.

Game seed: 289608055390630105

13102 Queen the Tainter (level 11, -8/74 HPs)
             Began as a Pale Draconian Venom Mage on Nov 15, 2023.
             Was a Priest of Vehumet.
             Mangled by a boulder beetle (19 damage)
             ... on level 1 of the Lair of Beasts.
             The game lasted 00:59:52 (20198 turns).

Queen the Tainter (Pale Draconian Venom Mage)      Turns: 20198, Time: 00:59:53

Health: -8/74      AC: 18    Str: 11    XL:     11   Next: 71%
Magic:  15/21      EV: 15    Int: 19    God:    Vehumet [***...]
Gold:   327        SH:  0    Dex: 12    Spells: 10/24 levels left

rFire   . . .        a - +2 dagger (protect)
rCold   + . .        E - orb {*channel}
rNeg    . . .        (body armour unavailable)
rPois   +            (helmet restricted)
rElec   .            (no cloak)
rCorr   .            C - +2 pair of gloves
SInv    .            G - +0 pair of boots
Will    .....        k - amulet of faith
Stlth   +++          I - ring of poison resistance
HPRegen 0.32/turn    Q - ring of protection from cold
MPRegen 0.17/turn

%: faith, channel magic (20%)
@: under a protective aura
A: breathe steam, AC +7, unfitting armour, cold-blooded, steam resistance
a: Breathe Steam, Renounce Religion


You were on level 1 of the Lair of Beasts.
You worshipped Vehumet.
Vehumet was most pleased with you.
You visited 2 branches of the dungeon, and saw 13 of its levels.

You collected 763 gold pieces.
You spent 436 gold pieces at shops.

Inventory:

Hand Weapons
 a - a +2 dagger of protection (weapon)
Armour
 C - a +2 pair of gloves (worn)
 E - an orb of energy (worn)
 G - a +0 pair of boots (worn)
Jewellery
 j - a ring of resist corrosion
 k - an amulet of faith (around neck)
 I - a ring of poison resistance (left hand)
 Q - a ring of protection from cold (right hand)
Wands
 m - a wand of charming (3)
 w - a wand of roots (17)
 x - a wand of digging (12)
 z - a wand of mindburst (16)
 A - a wand of polymorph (8)
 L - a wand of quicksilver (5)
 N - a wand of flame (12)
Scrolls
 c - 2 scrolls of immolation
 d - 3 scrolls of enchant armour
 f - 5 scrolls of teleportation
 h - 2 scrolls of revelation {unknown}
 n - 3 scrolls of fear
 o - 3 scrolls of poison
 p - 4 scrolls of blinking
 s - 2 scrolls of torment {unknown}
 y - 2 scrolls of fog
 D - a scroll of vulnerability {unknown}
 H - a scroll of brand weapon {unknown}
 M - a scroll of butterflies {unknown}
 O - 3 scrolls of enchant weapon {unknown}
 P - a scroll of noise {unknown}
Potions
 b - 3 potions of lignification
 e - 4 potions of enlightenment
 g - a potion of magic
 i - 3 potions of attraction
 l - a potion of ambrosia
 q - a potion of resistance {unknown}
 r - 2 potions of cancellation
 t - a potion of might {unknown}
 u - 2 potions of invisibility
 v - 2 potions of berserk rage
 B - 3 potions of mutation
 F - a potion of curing {unknown}
 K - a potion of brilliance {unknown}


   Skills:
 + Level 8.5 Dodging
 - Level 7.0 Stealth
 - Level 7.0 Spellcasting
 - Level 1.0 Transmutations
 - Level 5.0 Air Magic
 * Level 12.9 Poison Magic


You had 10 spell levels left.
You knew the following spells:

 Your Spells              Type           Power      Damage    Failure   Level
a - Sting                 Tmut/Pois      100%       1d8       3%          1
b - Poisonous Vapours     Pois/Air       80%        N/A       1%          2
c - Mephitic Cloud        Conj/Pois/Air  29%        N/A       2%          3
d - Olgreb's Toxic Radia  Pois           54%        N/A       1%          4
e - Airstrike             Air            12%        2d(2-18)  9%          4

Your spell library contained the following spells:

 Spells                   Type           Power      Damage    Failure   Level
 Iskenderun's Mystic Bla  Conj/Tloc      6%         2d4       38%         4
 Shock                    Conj/Air       64%        1d7       3%          1
 Swiftness                Air            25%        N/A       12%         3
 Apportation              Tloc           12%        N/A       24%         1
 Necrotise                Necr           24%        1d5       24%         1
 Summon Small Mammal      Summ           24%        N/A       24%         1
 Passwall                 Tmut/Erth      6%         N/A       28%         2
 Ensorcelled Hibernation  Hex/Ice        12%        N/A       34%         2
 Vampiric Draining        Necr           6%         2d6       52%         3
 Agony                    Necr           6%         N/A       99%         5


Dungeon Overview and Level Annotations

Branches:
Dungeon (12/15)            Temple (0/1) D:7            Lair (1/5) D:11
    Orc (0/2) D:9

Altars:
Gozag
Kikubaaqudgha
Qazlal
Vehumet

Shops:
D:3 **:!*   D:8 (([   D:11 ?

Portals:
Trove: D:10 (give 6 scrolls of fear)

Annotations:
D:8 exclusion: downstairs
D:10 Erolcha
D:11 exclusion: 2 downstairs
D:12 Nergalle, Urug


Innate Abilities, Weirdness & Mutations

You can breathe blasts of scalding, opaque steam.
Your pale cyan-grey scales are hard. (AC +7)
You cannot fit into any form of body armour.
You are cold-blooded and may be slowed by cold attacks.
You are immune to the effects of steam.


Message History

The boulder beetle waves its antennae.
The boulder beetle curls into a ball and begins rolling!
Casting: Sting (safe; 3% risk of failure)
Confirm with . or Enter, or press ? or * to list all spells.
Aiming: Mephitic Cloud (mildly dangerous; 2% risk of failure)
Press: ? - help, Shift-Dir - straight line, f/p - boulder beetle
Aim: a boulder beetle (severely wounded, rolling, very poisoned, chance to affect: 43%)
The ball explodes into a vile cloud!
The stinking cloud engulfs the boulder beetle but does no damage.
The boulder beetle is severely wounded.
You hear a bellow! x2
The boulder beetle is engulfed in noxious fumes. x2
The boulder beetle hits you!!!
Ouch! That really hurt!
The boulder beetle stops rolling and uncurls.
You hit the boulder beetle but do no damage.
You tail-slap the boulder beetle, but do no damage.
The boulder beetle is severely wounded.
The boulder beetle is engulfed in noxious fumes.
The boulder beetle appears confused.
The boulder beetle bites you but does no damage.
You hit the boulder beetle but do no damage.
The boulder beetle is severely wounded.
The boulder beetle is engulfed in noxious fumes.
The boulder beetle bites you but does no damage.
You hit the boulder beetle but do no damage.
You tail-slap the boulder beetle, but do no damage.
The boulder beetle is severely wounded.
The boulder beetle bites you!!
* * * LOW HITPOINT WARNING * * *
Casting: Mephitic Cloud (mildly dangerous; 2% risk of failure)
Confirm with . or Enter, or press ? or * to list all spells.
Aiming: Sting (safe; 3% risk of failure)
Press: ? - help, Shift-Dir - straight line, f/p - boulder beetle
Aim: a boulder beetle (almost dead, confused, very poisoned, 100% to hit)
The sting hits the boulder beetle but does no damage.
The boulder beetle looks as sick as possible!
The boulder beetle is almost dead.
Magical energy flows into your mind! The boulder beetle bites you!!
You die...

#..# #..# #........ #..#
#......°° #..# #........
#..# ....°°... #<.#
##..B..... #..# .........
##..# ####?.......
########...#####@#○........
................B..........
######.###.##.#.##.#.######
### #############


You could see a boulder beetle (confused, extremely poisoned).

Vanquished Creatures
  Josephine (D:10)
  2 two-headed ogres
  A boulder beetle (D:10)
  Pikel (D:7)
  2 ugly things
  An oklob plant (D:11)
  A cyclops (D:11)
  4 trolls
  A hornet (D:9)
  Sigmund (D:4)
  3 shadows
  13 yaks
  2 wyverns
  5 wraiths
  Grum (D:8)
  6 vampire mosquitoes
  An acid dragon (D:10)
  3 water moccasins
  2 orc warriors
  An ice beast (D:7)
  2 sky beasts (D:6)
  2 ogres
  3 centaurs
  2 wolves (D:8)
  A lemure (D:7)
  2 phantoms
  3 bullfrogs
  A gnoll sergeant (D:6)
  A scorpion (D:6)
  6 wights
  An electric eel (D:8)
  2 howler monkeys
  2 jellies (D:7)
  A hound (D:6)
  7 orc priests
  3 gnoll boudas
  An iguana (D:5)
  7 orc wizards
  3 sleepcaps
  16 gnolls
  2 adders
  A shadow imp (D:8)
  2 ufetubi (D:7)
  3 worms
  2 dart slugs (D:2)
  29 orcs
  6 ball pythons
  5 endoplasms
  6 giant cockroaches
  7 goblins
  4 hobgoblins
  7 jackals
  5 quokkas
  11 bats
  5 frilled lizards
  5 kobolds
  4 rats
222 creatures vanquished.

Notes
Turn   | Place    | Note
-------+----------+-------------------------------------------
     0 | D:1      | Queen the Draconian Venom Mage began the quest for the Orb.
     0 | D:1      | Reached XP level 1. HP: 14/14 MP: 3/3
   111 | D:1      | Found a faded altar of an unknown god.
   112 | D:1      | Reached XP level 2. HP: 20/20 MP: 0/5
   679 | D:1      | Learned a level 2 spell: Poisonous Vapours
   690 | D:1      | Reached XP level 3. HP: 26/26 MP: 4/6
  1670 | D:2      | Learned a level 3 spell: Mephitic Cloud
  1681 | D:2      | Found a stormy altar of Qazlal.
  2525 | D:2      | Found a stormy altar of Qazlal.
  3085 | D:3      | Reached XP level 4. HP: 23/33 MP: 3/7
  3273 | D:3      | Found Qemidd's Book Boutique.
  3332 | D:3      | Found Wokiujam's General Store.
  3339 | D:3      | Bought a scroll of identify for 24 gold pieces
  3535 | D:3      | Found Wetzoss's Assorted Antiques.
  3540 | D:3      | Bought a scroll of identify for 60 gold pieces
  3623 | D:3      | Reached skill level 4 in Poison Magic
  3626 | D:3      | Reached skill level 1 in Air Magic
  3788 | D:3      | Found Nexe's Distillery.
  3815 | D:3      | Found Zeiwil's General Store.
  3823 | D:3      | Bought a scroll of identify for 24 gold pieces
  4091 | D:3      | Found Nexe's Distillery.
  4111 | D:3      | Found Qemidd's Book Boutique.
  4150 | D:3      | Found Wetzoss's Assorted Antiques.
  4315 | D:3      | Found Wokiujam's General Store.
  4366 | D:3      | Found Zeiwil's General Store.
  4726 | D:4      | Reached XP level 5. HP: 38/38 MP: 5/9
  4904 | D:4      | Noticed Sigmund
  4931 | D:4      | Killed Sigmund
  4932 | D:4      | Reached XP level 6. HP: 45/45 MP: 3/11
  5271 | D:4      | Identified the +1 war axe "Hell-Harrower" {antimagic, rCorr
                  | Int+3 Dex+5 Stlth-}
  5772 | D:4      | Found a radiant altar of Vehumet.
  5819 | D:4      | Became a worshipper of Vehumet
  6046 | D:4      | Found a radiant altar of Vehumet.
  6196 | D:5      | Entered Level 5 of the Dungeon
  6535 | D:5      | Noticed a water moccasin
  6618 | D:5      | Learned a level 4 spell: Olgreb's Toxic Radiance
  6769 | D:5      | Reached skill level 5 in Poison Magic
  6922 | D:5      | Your scales start taking on a pale cyan-grey colour.
  6922 | D:5      | Reached XP level 7. HP: 50/50 MP: 5/13
  6922 | D:5      | Gained mutation: You are immune to the effects of steam.
                  | [Pale Draconian growth]
  6927 | D:5      | Learned a level 4 spell: Airstrike
  8488 | D:3      | Bought a +2 pair of gloves for 198 gold pieces
  8707 | D:6      | Reached skill level 6 in Poison Magic
  8707 | D:6      | Reached XP level 8. HP: 57/57 MP: 10/15
  8830 | D:6      | Reached skill level 5 in Spellcasting
  9333 | D:6      | Found an ancient bone altar of Kikubaaqudgha.
  9830 | D:7      | Noticed Pikel
  9843 | D:6      | HP: 1/57 [poisoned by a water moccasin]
  9971 | D:7      | Killed Pikel
  9971 | D:7      | Reached * piety under Vehumet
  9971 | D:7      | Offered knowledge of Foxfire by Vehumet.
  9972 | D:7      | Reached skill level 5 in Stealth
  9972 | D:7      | Reached skill level 7 in Poison Magic
  9972 | D:7      | Reached XP level 9. HP: 57/62 MP: 11/17
 10536 | D:7      | Found a staircase to the Ecumenical Temple.
 10635 | D:7      | Reached skill level 5 in Dodging
 11255 | D:7      | Found a staircase to the Ecumenical Temple.
 11835 | D:8      | Reached skill level 5 in Air Magic
 11835 | D:8      | Reached skill level 8 in Poison Magic
 12012 | D:8      | Found Fatiyh's Antique Weapon Shop.
 12155 | D:8      | Found Mob Van's Book Emporium.
 12155 | D:8      | Found Nuklakou's Armour Shoppe.
 12155 | D:8      | Found Zuckima's Antique Weapon Emporium.
 12399 | D:8      | Reached ** piety under Vehumet
 12436 | D:8      | Offered knowledge of Scorch by Vehumet.
 12486 | D:8      | Reached skill level 9 in Poison Magic
 12510 | D:8      | Noticed Grum
 12524 | D:8      | Killed Grum
 12525 | D:8      | Reached XP level 10. HP: 58/69 MP: 16/19
 12671 | D:8      | Found an opulent altar of Gozag.
 13153 | D:8      | Found Fatiyh's Antique Weapon Shop.
 13154 | D:8      | Found Zuckima's Antique Weapon Emporium.
 13154 | D:8      | Found Nuklakou's Armour Shoppe.
 13276 | D:8      | Found an opulent altar of Gozag.
 14193 | D:9      | Offered knowledge of Stone Arrow by Vehumet.
 14280 | D:9      | Found a staircase to the Orcish Mines.
 14299 | D:9      | Reached skill level 10 in Poison Magic
 14687 | D:9      | Found a staircase to the Orcish Mines.
 14999 | D:10     | Entered Level 10 of the Dungeon
 15015 | D:10     | Noticed a two-headed ogre
 15029 | D:10     | Killed a two-headed ogre
 15029 | D:10     | Reached *** piety under Vehumet
 15431 | D:10     | Found a portal to a secret trove of treasure.
 15461 | D:10     | Noticed Josephine
 15839 | D:10     | Noticed Erolcha
 16052 | D:10     | Noticed a boulder beetle
 16064 | D:10     | Killed a boulder beetle
 16065 | D:10     | Reached skill level 11 in Poison Magic
 16065 | D:10     | Reached XP level 11. HP: 52/74 MP: 21/21
 16344 | D:10     | Found a portal to a secret trove of treasure.
 16374 | D:10     | Killed Josephine
 17015 | D:10     | Found a portal to a secret trove of treasure.
 17469 | D:11     | Noticed a brown ugly thing
 17503 | D:10     | Killed a brown ugly thing
 17763 | D:11     | Found Arghampit's Magic Scroll Boutique.
 17875 | D:11     | Reached skill level 12 in Poison Magic
 17900 | D:10     | Offered knowledge of Iskenderun's Mystic Blast by Vehumet.
 18118 | D:11     | Found a staircase to the Lair.
 18121 | D:11     | Noticed an oklob plant
 18134 | D:11     | Noticed a two-headed ogre
 18144 | D:11     | Killed a two-headed ogre
 18358 | D:11     | Noticed a red ugly thing
 18392 | D:11     | Killed a red ugly thing
 18692 | D:11     | Bought a scroll of identify for 26 gold pieces
 18692 | D:11     | Bought a scroll of identify for 26 gold pieces
 18692 | D:11     | Bought a scroll of identify for 26 gold pieces
 18692 | D:11     | Bought a scroll of fog for 52 gold pieces
 19316 | D:11     | Found Arghampit's Magic Scroll Boutique.
 19365 | D:11     | Found a staircase to the Lair.
 19863 | D:12     | Noticed Nergalle
 19948 | D:12     | Noticed Urug
 20042 | D:11     | Killed an oklob plant
 20160 | D:14     | Identified the "Lekhiq"
 20160 | Lair:1   | Entered Level 1 of the Lair of Beasts
 20181 | Lair:1   | Noticed a boulder beetle
 20198 | Lair:1   | Mangled by a boulder beetle

Illustrated notes

Levels and vault maps discovered:
D:1:      ncdulo_watergridlock, layout_rooms, nicolae_ecumenical_lake_church,
          serial_forest, infiniplex_forest_lined_room_3,
          infiniplex_forest_lined_3_way, infiniplex_forest_clump_diagonal,
          infiniplex_forest_clump_small, infiniplex_forest_zigzag_1,
          minmay_heptomino_h4
D:2:      layout_loops_ring, basic_altar, grunt_ministairs_12
D:3:      layout_basic, serial_shops, shop, shop, nicolae_shop_behind_doors,
          shop, nicolae_shop_rolling_square
D:4:      layout_basic, nicolae_vehumet_altar_sigil, uniq_sigmund
D:5:      layout_basic, kennysheep_nondescript
D:6:      layout_loops_corners, kiku_gazebo_garden_becter, minivault_5
D:7:      layout_basic, minmay_temple_entry_mini_moons, uniq_pikel
D:8:      layout_loops_ring, grunt_gozag_statues, nicolae_wooded_promenade,
          fungi_pond_lemuel, uniq_grum
D:9:      layout_rooms, orc_david_3
D:10:     layout_cave_pools, nicolae_trove_entry_columns, minmay_microvault,
          uniq_josephine, uniq_erolcha
D:11:     layout_loops_ring, dpeg_oklobed_lair, nicolae_stop_n_shop_1,
          kennysheep_small_spiral
D:12:     layout_cross, uniq_maurice, uniq_nergalle, uniq_nessos, uniq_psyche,
          uniq_urug
Lair:1:   layout_long_grid

Skill      XL: |  1  2  3  4  5  6  7  8  9 10 11 |
---------------+----------------------------------+-----
Stealth        | 2 3 4 5 6 7 |  7.0
Dodging        | 2 3 4 5 7 8 |  8.5
Poison Magic   | 4 5 6 7 9 11 12 | 12.9
Air Magic      | 1 2 3 4 5 |  5.0
Spellcasting   | 3 4 5 6 7 |  7.0
Transmutations | |  1.0

Action                     |  1- 3 |  4- 6 |  7- 9 | 10-12 || total
---------------------------+-------+-------+-------+-------++-------
  Melee: Unarmed           |    44 |       |       |       ||    44
         Tailslap          |    10 |    12 |     4 |    36 ||    62
         Dagger            |    47 |    61 |       |    39 ||   147
         Short sword       |       |     7 |    54 |   132 ||   193
         War axe           |       |     5 |       |       ||     5
   Cast: Sting             |    44 |    32 |    75 |    33 ||   184
         Poisonous Vapours |    12 |    33 |    57 |    56 ||   158
         Olgreb's Toxic Ra |       |       |     7 |    24 ||    31
         Mephitic Cloud    |       |       |    10 |    13 ||    23
         Airstrike         |       |       |       |    12 ||    12
Ability: Breathe Steam     |       |       |    27 |    56 ||    83
    Use: Scroll            |       |     7 |     2 |     7 ||    16
         Potion            |       |       |     2 |     3 ||     5
   Stab: Sleeping          |     3 |       |       |     1 ||     4
         Confused          |       |       |     3 |     4 ||     7
 Armour: Skin              |    50 |    47 |    79 |   208 ||   384
  Dodge: Dodged            |    86 |    34 |    54 |   195 ||   369

Table legend: (Time is in decaauts)
 A = Elapsed time spent in this place.
 B = Non-inter-level travel time spent in this place.
 C = Inter-level travel time spent in this place.
 D = Time resting spent in this place.
 E = Time spent auto-exploring this place.
 F = Levels seen in this place.
 G = Mean time per level.
                   A        B        C        D        E       F      G
               +--------+--------+--------+--------+--------+-----+--------+
         Total |  20263 |  19369 |    894 |   4394 |  12421 |  13 | 1558.7 |
       Dungeon |  20226 |  19332 |    894 |   4394 |  12401 |  12 | 1685.5 |
          Lair |     37 |     37 |      0 |      0 |     20 |   1 |   37.0 |
               +--------+--------+--------+--------+--------+-----+--------+

Top non-repeatable levels by time:
    D:10: 2635 daAuts
    D:11: 2258 daAuts
     D:8: 2197 daAuts
     D:7: 1895 daAuts
     D:6: 1840 daAuts
     D:5: 1794 daAuts
     D:3: 1712 daAuts
     D:1: 1545 daAuts
     D:4: 1525 daAuts
     D:2: 1518 daAuts
     D:9: 1285 daAuts
  Lair:1: 37 daAuts
    D:12: 18 daAuts
